 Dungeon Crawl Stone Soup version 0.29.1-2-gbd0b4ee654 (webtiles) character file.

Game seed: 13001795393502863567

30690 sanboga the Brawler (level 13, -8/107 HPs)
             Began as a Demonspawn Berserker on Nov 29, 2022.
             Was an Elder of Trog.
             Mangled by a meliai
             ... wielding a +0 war axe
             ... summoned by a glowing orange brain
              (14 damage)
             ... on level 14 of the Dungeon.
             The game lasted 00:20:33 (17717 turns).

sanboga the Brawler (Demonspawn Berserker)         Turns: 17717, Time: 00:20:34

Health: -8/107     AC: 22    Str: 22    XL:     13   Next: 21%
Magic:  13/13      EV:  7    Int: 10    God:    Trog [****..]
Gold:   841        SH:  0    Dex: 12    Spells: 12/12 levels left

rFire   + . .      SeeInvis .     - Unarmed
rCold   . . .      Faith    .   (no shield)
rNeg    . . .      Spirit   .   d - +0 plate armour
rPois   .          Reflect  +   c - +0 helmet
rElec   .          Harm     .   (cloak unavailable)
rCorr   .          Rampage  .   f - +1 pair of gloves
Will    .....                   v - +0 pair of boots {Stlth+}
Stlth   ..........              t - amulet of reflection
HPRegen 0.27/turn               k - ring of protection from fire
MPRegen 0.13/turn               w - +4 ring of slaying

@: confused, lethally poisoned (-8 -> -32), afraid, on berserk cooldown, slowed,
very slow
A: slimy green scales 1, spiny 1, demonic magic 2, weakness stinger 3
a: Renounce Religion, Berserk, Trog's Hand, Brothers in Arms


You were on level 14 of the Dungeon.
You worshipped Trog.
Trog was greatly pleased with you.
You visited 1 branch of the dungeon, and saw 14 of its levels.

You collected 866 gold pieces.
You spent 25 gold pieces at shops.

Inventory:

Hand Weapons
 q - a +0 scimitar of flaming
Armour
 c - a +0 helmet (worn)
 d - a +0 plate armour (worn)
 f - a +1 pair of gloves (worn)
 v - a +0 pair of boots of stealth (worn)
Jewellery
 k - a ring of protection from fire (left hand)
 t - an amulet of reflection (around neck)
 w - a +4 ring of slaying (right hand)
Wands
 h - a wand of flame (19)
 m - a wand of mindburst (11)
 o - a wand of paralysis (9)
 s - a wand of polymorph (11)
Scrolls
 e - 5 scrolls of enchant armour
 g - a scroll of blinking
 j - 8 scrolls of teleportation
Potions
 a - 6 potions of curing
 b - a potion of ambrosia {unknown}
 i - 2 potions of might
 l - a potion of degeneration {unknown}
 n - 3 potions of haste
 p - a potion of cancellation
 r - 2 potions of berserk rage
 u - 2 potions of resistance
 x - 3 potions of brilliance {unknown}
 z - 2 potions of mutation


   Skills:
 + Level 11.9 Fighting
 + Level 10.7 Armour
 - Level 1.7 Dodging
 * Level 16.9 Unarmed Combat


You had 12 spell levels left.
You didn't know any spells.
Your spell library was empty.

Dungeon Overview and Level Annotations

Branches:
Dungeon (14/15)            Temple (0/1) D:7            Lair (0/5) D:11
    Orc (0/2) D:10
 Vaults: D:13-14

Altars:
Dithmenos
Okawaru
Trog
Uskayaw
Vehumet

Shops:
D:10 *

Annotations:
D:8 1 runed translucent door
D:11 3 runed translucent doors, FizzleBangTC's ghost, novice MeEE


Innate Abilities, Weirdness & Mutations

You are partially covered in slimy green scales. (AC +2)
You are partially covered in sharp spines.
Spells you cast may paralyse nearby enemies.
You have a sharp stinger which inflicts weakening toxins.


Message History

The cyan ugly thing engulfs you but does no damage.
The cyan ugly thing basks in the mutagenic energy from its kin and changes!
You are too confused!
You hit the meliai.
Your tail-slap misses the meliai.
The meliai is lightly wounded.
The swamp worm changes into a deep troll!
The meliai barely misses you. The meliai closely misses you.
The meliai invokes the aid of its god against you.
Something smites you! The meliai hits you with a +0 war axe!
The meliai stings you but does no damage.
The troll is struck by your spines. The troll bites you.
The troll claws you but does no damage. x2
The meliai hits you with a +0 war axe!
The meliai stings you but does no damage.
The meliai is struck by your spines. The meliai hits you with a +0 war axe.
The meliai stings you but does no damage.
The meliai is struck by your spines. The meliai barely misses you. x2
The cyan ugly thing basks in the mutagenic energy from its kin and changes!
You miss the meliai. Your punch misses the meliai.
The meliai is lightly wounded.
The meliai calls down the wrath of its god upon you.
Something smites you!
* * * LOW HITPOINT WARNING * * *
The meliai is struck by your spines. The meliai barely misses you.
The meliai stings you.
* * * LOW HITPOINT WARNING * * *
You are poisoned.
The meliai poisons you!
The meliai calls upon its god to heal the meliai.
The meliai is healed somewhat.
The troll barely misses you. The troll claws you but does no damage.
The troll closely misses you. The meliai hits you with a +0 war axe.
* * * LOW HITPOINT WARNING * * *
The meliai stings you.
* * * LOW HITPOINT WARNING * * *
The meliai hits you with a +0 war axe!
* * * LOW HITPOINT WARNING * * *
The meliai stings you but does no damage.
The meliai is struck by your spines. The meliai hits you with a +0 war axe!
You die...

#.###########.# #.#
#.#### #.# #....#
###'##############.#
#......[......# #.#
#.....).......# #.#
#....)).......+ #.#
#.........y...##
#.####### .
#...##...@y....#
#........ .
#...##..TyuT...#
#########
.#######...##..uuR....#
...........##.....G...#
........)..''....u.>..#
...........##?........#
.################C....#
#...u#......#
#.#.#.#......#


You could see an eleionoma shaped shifter, 4 ugly things, a glowing orange brain
(scary), a deep troll shaped shifter, a cyclops shaped shifter, a troll
(summoned) and 3 meliai.

Vanquished Creatures
  Josephine (D:13)
  4 boulder beetles
  2 hydras
  2 centaur warriors
  4 two-headed ogres
  3 tengu warriors
  Pikel (D:7)
  4 deep elf pyromancers
  A manticore (D:12)
  3 ugly things
  Joseph (D:9)
  2 cyclopes
  2 gargoyles
  2 unseen horrors
  An efreet (D:9)
  2 komodo dragons (D:11)
  6 meliai
  A troll (D:12)
  A hornet (D:9)
  A slime creature (D:9)
  Sigmund (D:5)
  3 shadows
  5 wyverns
  5 wraiths
  4 vampires
  17 yaks
  A steam dragon (D:9)
  16 vampire mosquitoes
  3 acid dragons
  A water moccasin (D:8)
  A black bear (D:5)
  8 orc warriors
  3 ice beasts
  2 sky beasts
  An ogre (D:4)
  2 boggarts (D:13)
  3 centaurs
  A phantom (D:4)
  2 lemures (D:7)
  A kobold brigand (D:8)
  A bullfrog (D:9)
  A gnoll sergeant (D:13)
  A scorpion (D:6)
  A necrophage (D:8)
  8 wights (D:9)
  17 killer bees
  8 howler monkeys
  4 electric eels (D:12)
  A jelly (D:7)
  3 hounds
  2 gnoll boudas (D:7)
  6 orc priests
  Jessica (D:2)
  3 iguanas
  15 orc wizards
  Robin (D:2)
  23 gnolls
  10 adders
  2 white imps
  An ufetubus (D:4)
  3 worms
  3 dart slugs
  43 orcs
  6 ball pythons
  2 bats (D:1)
  4 endoplasms
  4 giant cockroaches
  6 hobgoblins
  4 jackals (D:4)
  4 quokkas
  10 frilled lizards (D:3)
  10 goblins
  12 kobolds
  5 rats
349 creatures vanquished.

Vanquished Creatures (others)
  An acid dragon (D:9)
  A boggart (D:13)
  68 plants
  4 toadstools (D:1)
74 creatures vanquished.

Grand Total: 423 creatures vanquished

Notes
Turn   | Place    | Note
-------+----------+-------------------------------------------
     0 | D:1      | sanboga the Demonspawn Berserker began the quest for the
                  | Orb.
     0 | D:1      | Reached XP level 1. HP: 18/18 MP: 1/1
   152 | D:1      | Reached skill level 3 in Unarmed Combat
   152 | D:1      | Gained mutation: You have a small tail. [demonic ancestry]
   152 | D:1      | Reached XP level 2. HP: 24/24 MP: 2/2
  1352 | D:2      | Noticed Robin
  1371 | D:2      | Gained mutation: Spells you cast may paralyse adjacent
                  | enemies. [demonic ancestry]
  1371 | D:2      | Reached XP level 3. HP: 29/29 MP: 3/3
  1384 | D:2      | Killed Robin
  1385 | D:2      | Reached XP level 4. HP: 19/35 MP: 4/4
  1696 | D:2      | Noticed Jessica
  1706 | D:2      | Killed Jessica
  1707 | D:2      | Reached skill level 4 in Unarmed Combat
  2343 | D:2      | Found a faded altar of an unknown god.
  2679 | D:3      | Gained mutation: Spells you cast may paralyse nearby
                  | enemies. [demonic ancestry]
  2679 | D:3      | Reached XP level 5. HP: 30/42 MP: 5/5
  3125 | D:3      | Reached ** piety under Trog
  4038 | D:4      | Noticed an ogre
  4046 | D:4      | Gained mutation: You are partially covered in sharp spines.
                  | [demonic ancestry]
  4046 | D:4      | Reached XP level 6. HP: 46/48 MP: 6/6
  4051 | D:4      | Reached skill level 5 in Unarmed Combat
  5163 | D:5      | Entered Level 5 of the Dungeon
  5172 | D:5      | Gained mutation: You are partially covered in slimy green
                  | scales. (AC +2) [demonic ancestry]
  5172 | D:5      | Reached XP level 7. HP: 51/55 MP: 7/7
  5217 | D:5      | Reached skill level 5 in Fighting
  5219 | D:5      | Reached *** piety under Trog
  5222 | D:5      | Reached skill level 6 in Unarmed Combat
  5590 | D:5      | Noticed Sigmund
  5599 | D:5      | Killed Sigmund
  5668 | D:5      | Found a shadowy altar of Dithmenos.
  5832 | D:5      | Noticed a wyvern
  5835 | D:5      | Killed a wyvern
  5835 | D:5      | Killed an unseen horror
  5836 | D:5      | Reached skill level 5 in Armour
  5836 | D:5      | Reached skill level 7 in Unarmed Combat
  5836 | D:5      | Gained mutation: You have a tail ending in a sharp stinger.
                  | [demonic ancestry]
  5836 | D:5      | Reached XP level 8. HP: 58/64 MP: 8/8
  5991 | D:5      | Identified a scroll of acquirement
  5991 | D:5      | Acquired a manual of Unarmed Combat
  6100 | D:6      | Reached skill level 8 in Unarmed Combat
  6357 | D:6      | Gained mutation: You have a sharp stinger which inflicts
                  | weakening toxins. [demonic ancestry]
  6357 | D:6      | Reached XP level 9. HP: 71/71 MP: 9/9
  6686 | D:7      | Reached skill level 9 in Unarmed Combat
  6699 | D:7      | Found a radiant altar of Vehumet.
  6708 | D:7      | Reached **** piety under Trog
  6909 | D:7      | Noticed Pikel
  6922 | D:7      | Killed Pikel
  6923 | D:7      | Reached skill level 10 in Unarmed Combat
  7222 | D:7      | Found an iron altar of Okawaru.
  7225 | D:7      | Found a staircase to the Ecumenical Temple.
  7411 | D:8      | Reached skill level 11 in Unarmed Combat
  8028 | D:8      | Noticed a cyclops
  8028 | D:8      | Noticed a fire dragon
  8028 | D:8      | Noticed a manticore
  8029 | D:8      | Found a runed translucent door.
  8031 | D:8      | Noticed a red ugly thing
  8031 | D:8      | Noticed an ogre mage
  8031 | D:8      | Noticed a centaur warrior
  8031 | D:8      | Noticed a centaur warrior
  8031 | D:8      | Noticed a deep elf pyromancer
  8144 | D:8      | Found a bloodstained altar of Trog.
  8391 | D:8      | Found a hide-covered altar of Uskayaw.
  8751 | D:9      | Reached XP level 10. HP: 80/80 MP: 10/10
  8802 | D:9      | Reached skill level 12 in Unarmed Combat
  8804 | D:9      | Noticed a green ugly thing
  8820 | D:9      | Killed a green ugly thing
  8844 | D:9      | Reached ***** piety under Trog
  9225 | D:9      | Reached skill level 13 in Unarmed Combat
  9234 | D:9      | Noticed a centaur warrior
  9442 | D:9      | Noticed a tengu warrior
  9488 | D:8      | Killed a tengu warrior
  9808 | D:9      | Killed a centaur warrior
  9818 | D:9      | Reached XP level 11. HP: 70/89 MP: 11/11
  9892 | D:9      | Reached skill level 14 in Unarmed Combat
  9916 | D:9      | Noticed a two-headed ogre
  9924 | D:9      | Noticed a deep elf pyromancer
  9930 | D:8      | Killed a two-headed ogre
 10179 | D:9      | Killed a deep elf pyromancer
 10183 | D:9      | Noticed a deep elf pyromancer
 10199 | D:9      | Killed a deep elf pyromancer
 10631 | D:9      | Noticed Joseph
 10637 | D:9      | Killed Joseph
 11180 | D:10     | Entered Level 10 of the Dungeon
 11201 | D:10     | Received a gift from Trog
 11270 | D:10     | Found a staircase to the Orcish Mines.
 11406 | D:10     | Found Uracel's Assorted Antiques.
 11408 | D:10     | Reached skill level 10 in Fighting
 11421 | D:10     | Bought a bubbling emerald potion for 25 gold pieces
 11951 | D:11     | Reached skill level 15 in Unarmed Combat
 11971 | D:11     | Identified the amulet of Disaster {Drain rN++ Regen+ Dex+2}
 12127 | D:11     | Noticed a two-headed ogre
 12145 | D:10     | Killed a two-headed ogre
 12207 | D:11     | Noticed a four-headed hydra
 12305 | D:11     | Killed a one-headed hydra
 12306 | D:11     | Reached XP level 12. HP: 83/98 MP: 12/12
 12915 | D:11     | Identified the +9 halberd of Trial by Ordeal {drain, Int+9
                  | Dex+2}
 12984 | D:11     | Found a staircase to the Lair.
 12988 | D:11     | Noticed a two-headed ogre
 12992 | D:11     | Killed a two-headed ogre
 13154 | D:11     | Found a runed translucent gate.
 13154 | D:11     | Found a runed translucent gate.
 13155 | D:11     | Found a runed translucent gate.
 13178 | D:11     | Noticed FizzleBangTC's ghost (novice MeEE)
 13555 | D:12     | Noticed a boulder beetle
 13565 | D:12     | Killed a boulder beetle
 14327 | D:12     | Noticed a five-headed hydra
 14336 | D:12     | Killed a one-headed hydra
 14337 | D:12     | Reached skill level 16 in Unarmed Combat
 15060 | D:12     | Noticed a boulder beetle
 15079 | D:12     | Killed a boulder beetle
 15080 | D:12     | Reached skill level 10 in Armour
 15497 | D:13     | Noticed a centaur warrior
 15516 | D:13     | Killed a centaur warrior
 15868 | D:13     | Noticed a tengu warrior
 15870 | D:13     | Noticed a tengu warrior
 15876 | D:13     | Killed a tengu warrior
 15878 | D:13     | Killed a tengu warrior
 16013 | D:13     | Noticed a boulder beetle
 16029 | D:13     | Noticed a centaur warrior
 16033 | D:13     | Paralysed by something for 5 turns
 16043 | D:13     | Killed a boulder beetle
 16348 | D:13     | Noticed Josephine
 16363 | D:13     | Killed Josephine
 16364 | D:13     | Reached XP level 13. HP: 75/107 MP: 13/13
 17686 | D:14     | Found a runed translucent gate.
 17686 | D:14     | Found a runed translucent gate.
 17686 | D:14     | Found a runed translucent gate.
 17686 | D:14     | Noticed a broodmother
 17686 | D:14     | a death drake changed into a broodmother
 17688 | D:14     | Noticed an emperor scorpion
 17688 | D:14     | a broodmother changed into an emperor scorpion
 17690 | D:14     | an emperor scorpion changed into a six-headed hydra
 17696 | D:14     | Noticed an emperor scorpion
 17696 | D:14     | a six-headed hydra changed into an emperor scorpion
 17710 | D:14     | an emperor scorpion changed into an alligator snapping
                  | turtle
 17712 | D:14     | Noticed a fire giant
 17712 | D:14     | an alligator snapping turtle changed into a fire giant
 17714 | D:14     | Noticed an eleionoma
 17714 | D:14     | a fire giant changed into an eleionoma
 17717 | D:14     | Mangled by a meliai

Illustrated notes

Levels and vault maps discovered:
D:1:      minmay_arrival_loop, layout_basic, serial_bayou,
          serial_bayou_lagoon_a, serial_bayou_lake_a, serial_bayou_ford_a,
          serial_bayou_crossing, serial_bayou_pond_b, serial_bayou_pond_d,
          minmay_gold_behind_fungi
D:2:      layout_basic, shapermc_ecumenical_altar_flowoftime, glass_columns_a,
          kennysheep_generic_room_8, uniq_robin, uniq_jessica
D:3:      layout_loops_ring, minmay_misc_feat_rows, minmay_lizard_king
D:4:      kennysheep_spiral_hall, layout_layer_cave,
          nicolae_overflow_two_pavilions
D:5:      layout_rooms, mainiacjoe_overflow_alcove_1, minmay_small_thing,
          uniq_sigmund
D:6:      layout_cave_pools
D:7:      layout_basic, okawaru_gym_becter, mainiacjoe_overflow_boulevard,
          minmay_temple_entry_stoned_glass, minmay_misc_feat_pillars, uniq_pikel
D:8:      minmay_gate_of_8, layout_loops_ring, mainiacjoe_overflow_24_doors,
          gammafunk_temple_overflow_elements
D:9:      minmay_the_grid_triangle_9x9_rhombus_thin_mashed
          [minmay_the_grid_triangle_9x9_negative_grid,
          minmay_the_grid_triangle_9x9_prize_center,
          minmay_the_grid_triangle_9x9_wacky_v,
          minmay_the_grid_triangle_9x9_shrine], layout_basic, grunt_potential,
          uniq_joseph
D:10:     layout_irregular_city, orc_0_dummy, serial_shops,
          nicolae_shop_overgrown_old_shop, chequers_serial_rivers_small_b
D:11:     layout_small_grid, david_lair_shrubbed, gammafunk_ghost_necromancy,
          small_statue_intersection
D:12:     layout_rooms, serial_bayou, serial_bayou_pond_e,
          serial_bayou_lagoon_b, serial_bayou_pond_c, serial_bayou_pond_d
D:13:     layout_small_grid, uniq_josephine
D:14:     layout_basic, david_vaults_2, grunt_decor_clamped,
          ploomutoo_gammafunk_ghost_potion_laboratory, minmay_circle_x,
          uniq_nessos

Skill      XL: |  1  2  3  4  5  6  7  8  9 10 11 12 |
---------------+-------------------------------------+-----
Armour         | 2 3 5 6 8 9 10 | 10.7
Unarmed Combat | 3 4 5 7 8 11 13 15 16 | 16.9
Fighting       | 4 6 7 9 10 11 | 11.9
Dodging        | |  1.7

Action                   |  1- 3 |  4- 6 |  7- 9 | 10-12 | 13-15 || total
-------------------------+-------+-------+-------+-------+-------++-------
Melee: Unarmed           |    75 |   205 |   224 |   428 |    49 ||   981
       Tailslap          |     8 |    31 |    30 |    64 |    11 ||   144
       Punch             |     1 |     8 |    11 |    42 |     6 ||    68
       Scimitar          |       |       |       |     8 |       ||     8
Invok: Berserk           |     2 |     3 |     5 |    10 |     3 ||    23
Evoke: Wand              |       |       |       |     6 |       ||     6
  Use: Scroll            |     1 |    13 |     3 |    12 |     1 ||    30
       Potion            |       |       |       |     4 |       ||     4
 Stab: Paralysed         |       |       |       |     4 |       ||     4
Armor: Chain mail        |     7 |       |       |       |       ||     7
       Plate armour      |    46 |   134 |   118 |   317 |    47 ||   662
Dodge: Dodged            |    20 |    76 |    61 |   123 |    27 ||   307
       Repelled          |       |     2 |       |       |       ||     2
Block: Other             |       |       |       |       |     4 ||     4
